[Event "Early-Titled-Tuesday-Blitz-January-16-2024"]
[Site "Chess.com"]
[Date "2024.01.16"]
[Round "6"]
[White "Leebit02"]
[Black "NinoMaisuradze"]
[Result "1-0"]
[WhiteElo "2554"]
[BlackElo "2307"]
[TimeControl "180+1"]
[EndTime "9:11:52 PST"]
[Termination "Leebit02 won by checkmate"]

1. d4 d5 2. c4 e6 3. Nf3 Nf6 4. g3 Bb4+ 5. Nbd2 Ne4 6. Bg2 f5 7. O-O c6 8. Ne5 O-O 9. c5 Ba5 10. f3 Nf6 11. a3 Bc7 12. b4 a5 13.
Bb2 axb4 14. axb4 Rxa1 15. Bxa1 Na6 16. Qb3 Bxe5 17. dxe5 Nd7 18. Bd4 Nc7 19. Rd1 Nb5 20. Bb2 g5 21. e4 fxe4 22. fxe4 Kh8 23. exd5 cxd5 24. Nf3 g4 25. Nd4 Nxd4 26. Bxd4 Qg5 27. Re1 Rf5 28. Qe3 Qxe3+ 29. Rxe3 Nf8 30. Bf1 Bd7 31.
Bd3 Rf7 32. Re1 Kg7 33. b5 Ng6 34. Rc1 Ne7 35. Ra1 Rf3 36. Be2 Rb3 37. Ra7 Bc8 38. c6 Nf5 39. cxb7 Bxb7 40. Rxb7+ Kg6 41. Bc5 Rb1+ 42. Kf2 Rb2 43. b6 d4 44. Rd7 h5 45.
Bxd4 Nxd4 46. Rxd4 Rxb6 47. Rd6 Rb2 48. Rxe6+ Kf5 49.
Re8 Ke4 50. e6 h4 51. gxh4 g3+ 52. hxg3 Ke5 53. e7 Ke6 54. h5 Kd7 55. Rg8 Kxe7 56. h6 Kf7 57. Rg7+ Kf8 58. g4 Ra2 59. g5 Rb2 60.
Ke3 Rb3+ 61. Bd3 Ra3 62. Ke4 Ra4+ 63. Ke5 Ra5+ 64. Kf6 Rd5 65. Bf5 Rd6+ 66. Be6 Rd7 67. Rg8# 1-0

[Event "Early-Titled-Tuesday-Blitz-January-16-2024"]
[Site "Chess.com"]
[Date "2024.01.16"]
[Round "6"]
[White "BogdanDeac"]
[Black "Arifarsky"]
[Result "1-0"]
[WhiteElo "3020"]
[BlackElo "2719"]
[TimeControl "180+1"]
[EndTime "9:11:53 PST"]
[Termination "BogdanDeac won by resignation"]

1. d4 Nf6 2. Bf4 c5 3. d5 Qb6 4. Bc1 e6 5. Nc3 exd5 6. Nxd5 Nxd5 7. Qxd5 d6 8. Nh3 Be6 9. Qd1 Be7 10. Nf4 O-O 11. g3 Nc6 12. Bg2 Bf6 13. c3 Rad8 14.
O-O g6 15. Nd5 Bxd5 16. Qxd5 Rfe8 17. e4 Ne7 18. Qb3 Nc6 19. Rd1 Qc7 20. Bf4 Ne5 21.
Rd5 a6 22. Rad1 b5 23. Qc2 Qe7 24. h3 Bg7 25. Qd2 Nc4 26. Qc1 Be5 27. Bg5 Bf6 28. Bh6 Nb6 29. R5d3 Nc4 30. Qc2 Bg7 31. Bf4 Be5 32. Bc1 Bg7 33. a4 Nb6 34. axb5 axb5 35. h4 h5 36. R3d2 Nc4 37. Rd5 Nb6 38. R5d2 Nc4 39.
Re2 Ne5 40. Bg5 Bf6 41. Bf4 Qe6 42. Red2 Nc4 43. Rd5 Nb6 44. Rxd6 Qe7 45. Rxb6 Rc8 46. Rbd6 Be5 47. Rd7 Qe6 48. Bxe5 Qxe5 49. R1d5 Qe6 50.
Qd2 b4 51. Rd8 bxc3 52. bxc3 Kg7 53. Rxc8 Rxc8 54. Qf4 Re8 55. Qd6 Qg4 56. Qf4 Qe6 57.
Rxc5 Qe7 58. Rd5 Rc8 59. Qe5+ Qxe5 60. Rxe5 Rxc3 61. Rd5 Rc1+ 62. Bf1 Rc2 63. Kg2 Kf6 64. Bd3 Rd2 65. Kf3 Ke6 66. Ke3 1-0

[Event "Early-Titled-Tuesday-Blitz-January-16-2024"]
[Site "Chess.com"]
[Date "2024.01.16"]
[Round "6"]
[White "missponyo10"]
[Black "Sebastian"]
[Result "0-1"]
[WhiteElo "2274"]
[BlackElo "2944"]
[TimeControl "180+1"]
[EndTime "9:11:53 PST"]
[Termination "Sebastian won by resignation"]

1. e4 c5 2. Nf3 d6 3. d4 cxd4 4.
Nxd4 Nf6 5. Nc3 a6 6. f4 e5 7. Nf3 Nbd7 8. Bd3 Be7 9. O-O O-O 10.
Kh1 b5 11. a3 Bb7 12. Qe1 Re8 13. fxe5 dxe5 14. Nh4 g6 15. Bh6 Bf8 16. Bg5 Bg7 17.
Rd1 Qc7 18. Qe3 Rac8 19. h3 Nh5 20. Be2 Nf4 21. Bg4 Ne6 22. Bh6 Nf6 23. Bxg7 Nxg4 24. hxg4 Kxg7 25. g3 Qe7 26. Ng2 Nd4 27. Rf2 Rf8 28.
Rdf1 f6 29. Nh4 Rf7 30. Kh2 Qd6 31. Rd2 Qe7 32. Rdf2 Qe6 33. g5 Rcf8 34. gxf6+ Rxf6 35. Kg2 h6 36. Nf3 Qd6 37. Rh1 g5 38. Rhf1 Nxf3 39.
Rxf3 Qd4 40. Qe2 Qd6 41. Qe3 Qe6 42. Rxf6 Rxf6 43. Rxf6 Qxf6 44. Qd3 Qe7 45. Nd5 Qd6 46. Qf3 Bc8 47. Qc3 Be6 48. Qc7+ Qxc7 49. Nxc7 Bc8 50. Nd5 h5 51. Kf3 Kf7 52. Nb4 Ke6 53. Nd3 Kd6 54.
Ke3 Be6 55. Nf2 a5 56. Nd1 h4 57. gxh4 gxh4 58. Kf3 Kc5 59. c3 Kc4 60. Ne3+ Kb3 61. Ng4 Bxg4+ 62. Kxg4 Kxb2 63. Kxh4 Kxc3 64. Kg5 Kd4 65.
Kf5 b4 66. axb4 axb4 67. Kg4 b3 0-1

[Event "Early-Titled-Tuesday-Blitz-January-16-2024"]
[Site "Chess.com"]
[Date "2024.01.16"]
[Round "6"]
[White "platy3"]
[Black "Konavets"]
[Result "1-0"]
[WhiteElo "2897"]
[BlackElo "3140"]
[TimeControl "180+1"]
[EndTime "9:11:55 PST"]
[Termination "platy3 won by resignation"]

1. e4 e5 2. Nf3 Nc6 3. Bc4 Nf6 4. d3 Bc5 5. O-O d6 6. a4 a6 7.
h3 h6 8. Be3 g5 9. Nh2 Rg8 10.
Bxc5 dxc5 11. c3 h5 12. Nd2 h4 13. Ng4 Bxg4 14. hxg4 Qd7 15. Qf3 Ke7 16. Qe3 Nxg4 17. Qxc5+ Qd6 18. Nb3 Qxc5 19. Nxc5 Na5 20. Bd5 c6 21.
Ba2 b6 22. b4 bxc5 23. bxa5 Nf6 24. Rab1 Nd7 25. Bc4 Rgb8 26. Rfc1 f6 27. Kh2 g4 28. g3 Rh8 29. gxh4 Rxh4+ 30. Kg2 Rah8 31. Rh1 Rxh1 32. Rxh1 Rb8 33. Rh7+ Kd6 34. Rg7 Rb2 35. Bxa6 Ra2 36. Bc8 Nf8 37. Rg8 Ne6 38. Re8 Nf4+ 39.
Kg3 Rxa4 40. a6 Kc7 41. Bb7 Nxd3 42. Kxg4 Nxf2+ 43. Kf5 Nxe4 44. Rc8+ Kb6 45. Rxc6+ Ka7 46. Ke6 Nxc3 47. Kd6 Nb5+ 48. Kxc5 Nd4 49. Rc8 Nb3+ 50. Kb5 Ra5+ 51. Kb4 Rxa6 52. Bxa6 Nd4 53. Bc4 Kb6 54. Rf8 Nc6+ 55. Kc3 Kc5 56. Rxf6 Nd4 57. Bd3 Nc6 58. Be4 Nd4 59. Kd3 Nb5 60. Re6 Nd6 61.
Rxe5+ Kb6 62. Rd5 Nb5 63. Kc4 Nc7 64. Rd6+ Ka5 65. Rc6 Na6 66. Bd3 Nb4 67. Rc5+ Ka4 68. Rc8 Na6 69. Ra8 Ka5 70. Kd5 1-0

[Event "Early-Titled-Tuesday-Blitz-January-16-2024"]
[Site "Chess.com"]
[Date "2024.01.16"]
[Round "6"]
[White "JSPrepz"]
[Black "Grischuk"]
[Result "0-1"]
[WhiteElo "2872"]
[BlackElo "3087"]
[TimeControl "180+1"]
[EndTime "9:11:55 PST"]
[Termination "Grischuk won by resignation"]

1. e4 e5 2. Nf3 Nc6 3. d4 exd4 4. Nxd4 Qf6 5. Ne2 Bb4+ 6. Nbc3 Nge7 7. a3 Ba5 8. Qd3 O-O 9. h4 h6 10. Qg3 d5 11. exd5 Nxd5 12. Bd2 Nxc3 13. Bxc3 Bxc3+ 14. Qxc3 Qxc3+ 15. Nxc3 Re8+ 16. Kd2 Bf5 17. Bb5 Red8+ 18. Kc1 Nd4 19. Ba4 a6 20. Nd1 b5 21. Bb3 c5 22.
Ne3 c4 23. Ba2 Bh7 24. Re1 Re8 25. Kd2 Rxe3 26. Rxe3 Nxc2 27. Rae1 Kf8 28. Kc3 Rd8 29. b3 Nxe1 30. Rxe1 Rd3+ 31. Kb4 Rd2 32. Bb1 Bxb1 33. Rxb1 cxb3 34. Ka5 Rxf2 35. Kxa6 Ra2 36. Rxb3 b4 37. Rxb4 Rxa3+ 38. Kb5 Rg3 39. Rb2 Rg4 40. Kc5 Rxh4 41. Kd6 g6 42. Ke5 Kg7 43. Rc2 h5 44. Rb2 f6+ 45.
Kd5 Kh6 46. Ke6 Kg5 47. Kf7 Ra4 48. Rb5+ f5 49. Rb6 Ra7+ 50. Ke6 h4 51. Rb4 Ra2 52. Rb6 Rxg2 53. Kf7 Kh5 54. Kf6 h3 55. Rb8 h2 56.
Rh8+ Kg4 57. Kxg6 f4 58. Kf6 f3 59. Rg8+ Kf4 60. Rh8 Kg3 61. Kf5 Rg1 62. Ke4 h1=Q 0-1

[Event "Early-Titled-Tuesday-Blitz-January-16-2024"]
[Site "Chess.com"]
[Date "2024.01.16"]
[Round "6"]
[White "MdChess1734"]
[Black "Ural_bogatyr"]
[Result "1-0"]
[WhiteElo "2411"]
[BlackElo "2528"]
[TimeControl "180+1"]
[EndTime "9:11:55 PST"]
[Termination "MdChess1734 won by checkmate"]

1. e4 e5 2. Nf3 Nc6 3. Bb5 a6 4. Ba4 Nf6 5. O-O Nxe4 6. d4 b5 7. Bb3 d5 8. dxe5 Be6 9. c3 Bc5 10. Bc2 O-O 11. Nbd2 Nxf2 12. Rxf2 Bxf2+ 13. Kxf2 f6 14.
Kg1 fxe5 15. Nf1 Qd6 16. Be3 Rad8 17. Ng5 Bf5 18. Ng3 Bxc2 19. Qxc2 e4 20. Rd1 Qe5 21.
Nh3 Rf7 22. Nf2 h5 23. a4 h4 24. Ne2 Rdf8 25. axb5 axb5 26. Qb3 Rf5 27. Qxb5 Qf6 28. Nf4 d4 29. Qc4+ Kh7 30. Nxe4 Qe5 31. Qxc6 dxe3 32. Qg6+ Kg8 33. Ne6 R5f7 34. N4g5 Qf5 35. Qxf5 Rxf5 36. Nxf8 Rxg5 37. Ne6 Rb5 38. b4 c6 39. Nd4 Rd5 40.
Re1 c5 41. bxc5 Rxc5 42. Rxe3 Kf7 43. Kf2 g5 44. Kf3 Kf6 45. Kg4 Rc4 46. Re6+ Kf7 47.
Re3 Kf6 48. Rf3+ Kg6 49. g3 hxg3 50. hxg3 Rc5 51. Re3 Rc4 52. Re6+ Kf7 53. Kxg5 Rxc3 54. g4 Rc4 55. Rf6+ Kg8 56. Nf5 Rc7 57. Rd6 Kf7 58.
Nh6+ Kg7 59. Nf5+ Kf7 60. Rh6 Kg8 61. Rg6+ Kf8 62. Rf6+ Kg8 63. Kg6 Rc4 64. Nh6+ Kh8 65. Rf8# 1-0

[Event "Early-Titled-Tuesday-Blitz-January-16-2024"]
[Site "Chess.com"]
[Date "2024.01.16"]
[Round "6"]
[White "jinbojinbo"]
[Black "mbojan"]
[Result "1-0"]
[WhiteElo "2644"]
[BlackElo "2864"]
[TimeControl "180+1"]
[EndTime "9:11:57 PST"]
[Termination "jinbojinbo won on time"]

1. e4 g6 2. d4 Nf6 3. Nc3 d5 4. exd5 Nxd5 5. Nxd5 Qxd5 6. Nf3 Bg7 7. c4 Qd6 8. Be2 O-O 9. O-O c5 10. dxc5 Qxc5 11.
Be3 Qc7 12. Qc1 Nc6 13. Bh6 Bg4 14. Bxg7 Kxg7 15. Qc3+ e5 16. Nxe5 Qxe5 17. Bxg4 Qxc3 18. bxc3 Ne5 19. Be2 Rac8 20. Rab1 b6 21. Rfd1 Rc7 22. Rd4 Rfc8 23. g3 Nxc4 24. Bxc4 Rxc4 25. Rxc4 Rxc4 26. Rb3 Ra4 27. a3 Kf6 28. Kf1 h5 29. h4 Kf5 30.
Ke2 Ke4 31. f3+ Kd5 32. Kd3 Kc6 33. c4 Ra5 34. Kd4 Kd6 35. Re3 Ra4 36. Rb3 f6 37. Kc3 g5 38. Kd4 gxh4 39. gxh4 Ke6 40. Rb5 Rxa3 41.
Rxh5 Rxf3 42. Rh7 Ra3 43. h5 Ra4 44. Rb7 Ra1 45. h6 Rh1 46. h7 Rh4+ 47. Kc3 f5 48. Rxa7 f4 49. Kd3 Ke5 50. Re7+ Kf5 51. Rf7+ Ke5 52.
Re7+ Kf6 53. Rb7 Kf5 54. Rf7+ Kg4 55. Ke4 Kg3 56. Rg7+ Kf2 57. Kf5 f3 58. Kg6 Kf1 59.
Rb7 Rg4+ 60. Kh5 Rg2 61. Rxb6 Rh2+ 62. Kg6 Rg2+ 63. Kf7 Rh2 64. Kg7 f2 65. h8=Q Rxh8 66. Kxh8 Ke2 67. Rf6 Kd3 68. Rxf2 1-0

[Event "Early-Titled-Tuesday-Blitz-January-16-2024"]
[Site "Chess.com"]
[Date "2024.01.16"]
[Round "6"]
[White "BardArtem"]
[Black "tptagain"]
[Result "0-1"]
[WhiteElo "2793"]
[BlackElo "2957"]
[TimeControl "180+1"]
[EndTime "9:11:58 PST"]
[Termination "tptagain won by resignation"]

1. e4 c6 2. d4 d5 3. e5 Bf5 4. h4 h6 5. g4 Be4 6. f3 Bh7 7. e6 Nf6 8. exf7+ Kxf7 9. f4 c5 10.
Nf3 Nc6 11. Bb5 Nxd4 12. Nxd4 cxd4 13. Qxd4 Be4 14. Rg1 e6 15. g5 hxg5 16. hxg5 Qa5+ 17. Nc3 Rc8 18. Be3 Bc5 19. Qd2 Bb4 20. gxf6 gxf6 21. Bd4 Bxc3 22. Bxc3 Qxb5 23. O-O-O Qa4 24. Kb1 Rh3 25. f5 Bxf5 26. Qg2 Rh7 27. Rd4 Qe8 28. Rh4 Qh8 29. Rxh7+ Qxh7 30. Rh1 Qg6 31. Qf2 Bxc2+ 32. Ka1 Be4 33. Rg1 Qf5 34. Qxa7 d4 35. Qxd4 e5 36. Qe3 Bd5 37. a3 Ke6 38. Qb6+ Bc6 39. Qb3+ Bd5 40. Qb6+ Kf7 41. Qe3 Rg8 42. Rd1 Bc6 43. Qc5 Qe6 44. Qe3 Rg2 45. Qe1 Qb3 46. Rd2 Bd5 47. Kb1 Be4+ 48.
Ka1 Bd5 49. Kb1 Qa2+ 50. Kc2 Bb3+ 51. Kd3 Rxd2+ 52. Qxd2 Qb1+ 53. Ke3 Qg1+ 54. Qf2 Qxf2+ 55. Kxf2 Ke6 56. Bd2 f5 57. Ke3 f4+ 58. Kd3 Kf5 59. Kc3 Bd5 60. b4 Bc6 61. Kc4 e4 62. Kd4 e3 63. Bxe3 fxe3 64. b5 Bxb5 65. Kxe3 Ke5 66. Kd2 Kd4 67. Kc2 Kc4 68. Kb2 Ba4 69. Kb1 Kb3 0-1

[Event "Early-Titled-Tuesday-Blitz-January-16-2024"]
[Site "Chess.com"]
[Date "2024.01.16"]
[Round "6"]
[White "AlexLongson"]
[Black "N4700000"]
[Result "1-0"]
[WhiteElo "2311"]
[BlackElo "2409"]
[TimeControl "180+1"]
[EndTime "9:11:59 PST"]
[Termination "AlexLongson won on time"]

1. e4 e6 2. d4 d5 3. Bd3 dxe4 4. Bxe4 Nf6 5. Bf3 Nc6 6. c3 Bd6 7. Bg5 h6 8. Bh4 O-O 9. Ne2 Bd7 10. Nd2 Be7 11.
O-O Nd5 12. Bxe7 Ncxe7 13. Nc4 Ng6 14. Ng3 Bb5 15. Qb3 Ba6 16. Rfe1 Rc8 17. Ne4 b6 18. Ne3 Bb7 19. Nxd5 Bxd5 20. Qa4 a5 21. g3 Ne7 22. Rad1 Nf5 23. Nd2 Bxf3 24. Nxf3 Qd5 25. Ne5 Rfd8 26. Qb3 Qxb3 27. axb3 Rd6 28. Nc4 Rd7 29. Ne5 Rd6 30. Nc4 Rd5 31. Ne5 c5 32. dxc5 Rcxc5 33. f4 b5 34. Kf2 f6 35. Nf3 Kf7 36. Ke2 a4 37.
Rxd5 Rxd5 38. bxa4 bxa4 39. Ra1 Rb5 40. Ra2 Ke7 41.
Kd3 Nd6 42. Nd4 Rb6 43. Kc2 Nc4 44. Rxa4 Nxb2 45. Ra7+ Kf8 46. Ra8+ Kf7 47. g4 e5 48. Ra7+ Kg6 49. Nf5 Kh7 50. Rxg7+ Kh8 51. Rg6 Nc4 52.
fxe5 Nxe5 53. Rxh6+ Kg8 54. Rh3 Kf7 55. Rg3 Kg6 56. h4 Ra6 57. Ne7+ Kf7 58. Nd5 Ra2+ 59. Kb3 Rh2 60. h5 Ke6 61. Nf4+ Kd6 62. Ng6 Nc6 63.
Rd3+ Ke6 64. Re3+ Kf7 65. c4 Rg2 66. Re4 1-0

[Event "Early-Titled-Tuesday-Blitz-January-16-2024"]
[Site "Chess.com"]
[Date "2024.01.16"]
[Round "6"]
[White "GMWSO"]
[Black "artin10862"]
[Result "1/2-1/2"]
[WhiteElo "3084"]
[BlackElo "2921"]
[TimeControl "180+1"]
[EndTime "9:12:00 PST"]
[Termination "Game drawn - insufficient material"]

1. d4 Nf6 2. Nf3 e6 3. Bf4 b6 4.
e3 Bb7 5. Nbd2 Nh5 6. Bg5 Be7 7. Bxe7 Qxe7 8. Bd3 Nf6 9. e4 d6 10. O-O e5 11. a4 a5 12. Re1 O-O 13. c3 Nbd7 14. Nf1 Rfe8 15. Ng3 g6 16. Qd2 Nf8 17. Bb5 Red8 18.
dxe5 dxe5 19. Qg5 Ne6 20. Nf5 Nxg5 21. Nxe7+ Kf8 22. Nxg6+ hxg6 23. Nxg5 Rd2 24. b3 Rad8 25. Bc4 R8d7 26. f3 Ne8 27. Kf1 f6 28. Nh3 Rc2 29. Rac1 Rdd2 30. Rxc2 Rxc2 31. Re3 Nd6 32. Be2 Rb2 33.
c4 Bc8 34. Nf2 Nb7 35. Bd1 Nc5 36. Nd3 Rb1 37. Nxc5 Rxd1+ 38. Ke2 Rb1 39. Nd3 Rxb3 40. c5 Bd7 41. cxb6 cxb6 42. f4 Bxa4 43. fxe5 fxe5 44.
Nxe5 Bb5+ 45. Kf3 Rxe3+ 46. Kxe3 Kg7 47. Kd4 Bf1 48. g4 b5 49. Nc6 a4 50. g5 Bc4 51.
Kc3 a3 52. h4 Kf8 53. Nd4 Ke7 54. e5 a2 55. Kb2 b4 56. Nc6+ Ke6 57. Nxb4 Kxe5 58.
Nc6+ Kf4 59. Ne7 Bf7 60. Nxg6+ Bxg6 61. Kxa2 Kg4 62. Kb2 Kxh4 63. Kc3 Kxg5 1/2-1/2

[Event "Early-Titled-Tuesday-Blitz-January-16-2024"]
[Site "Chess.com"]
[Date "2024.01.16"]
[Round "6"]
[White "GrumbleBruno"]
[Black "SpongeBob_03"]
[Result "1-0"]
[WhiteElo "2461"]
[BlackElo "2208"]
[TimeControl "180+1"]
[EndTime "9:12:00 PST"]
[Termination "GrumbleBruno won on time"]

1. e4 c5 2. c3 d5 3. exd5 Qxd5 4. d4 Nf6 5. Nf3 e6 6. Bd3 Nc6 7. O-O cxd4 8. cxd4 a6 9. Nc3 Qd6 10. Qe2 Nb4 11. Bb1 Nbd5 12. Ne5 b5 13. Nxd5 Nxd5 14. a4 bxa4 15. Rxa4 Bb7 16. Bd3 Nb6 17. Bxa6 Rxa6 18. Rxa6 Qd5 19. Nf3 Nc4 20. Ra7 Bd6 21. b4 Nb6 22.
Bd2 O-O 23. Rc1 Bb8 24. Raa1 Qh5 25. h3 Nd5 26. Ra5 Qg6 27. g3 Nf4 28. Bxf4 Bxf4 29.
Ne5 Qh6 30. gxf4 Qxh3 31. d5 Bxd5 32. Rxd5 exd5 33. Qf3 Qe6 34. Rd1 Rd8 35. b5 d4 36. Nc6 Rc8 37. Rxd4 Qg6+ 38. Qg3 Qb1+ 39. Kg2 Qxb5 40. Ne7+ Kf8 41. Nxc8 Qb7+ 42. Qf3 Qxc8 43. Qe3 Qg4+ 44. Qg3 Qe6 45. Rd8+ Ke7 46. Rd1 Qc6+ 47. Qf3 Qg6+ 48. Kf1 Qa6+ 49. Qe2+ Qe6 50. Qxe6+ Kxe6 51. Ke2 Kf5 52. Kf3 f6 53. Rd5+ Kg6 54. Rd7 h5 55. f5+ Kh6 56. Kf4 h4 57. Kg4 h3 58.
Kxh3 Kg5 59. Rxg7+ Kxf5 60. Kg3 Ke5 61. Kf3 1-0

[Event "Early-Titled-Tuesday-Blitz-January-16-2024"]
[Site "Chess.com"]
[Date "2024.01.16"]
[Round "6"]
[White "Kotofeyca"]
[Black "ritanovikova"]
[Result "1-0"]
[WhiteElo "2420"]
[BlackElo "2162"]
[TimeControl "180+1"]
[EndTime "9:12:00 PST"]
[Termination "Kotofeyca won by resignation"]

1. d4 d5 2. c4 e6 3. Nc3 Nf6 4. cxd5 exd5 5. Bg5 Be7 6. Qc2 h6 7. Bh4 O-O 8. e3 b6 9. Nf3 Ba6 10. Bxa6 Nxa6 11. Qb3 c6 12. O-O Nc7 13. Rfd1 Qd7 14. Rac1 Rac8 15. a3 Rfe8 16. Qa4 Bd6 17. Bxf6 gxf6 18.
Ne2 Ne6 19. Ng3 Ng7 20. Qc2 Qg4 21. Qd3 Qg6 22. Nh4 Qg4 23. Ngf5 Nxf5 24. Nxf5 Bf8 25. Rd2 Re4 26. Ng3 Re7 27. Rdc2 Rec7 28. h3 Qg6 29. Nf5 Kh7 30. Kf1 Kh8 31. Rc3 Qg5 32. b4 Qg6 33. b5 c5 34. dxc5 Rxc5 35. Rxc5 Rxc5 36. Rxc5 Bxc5 37. a4 Kh7 38. Qxd5 Qg8 39. Qe4 Kh8 40. Nxh6 Qf8 41. Nf5 Qd8 42. Qh4+ Kg8 43.
Qg4+ Kf8 44. Qg7+ Ke8 45. Qg8+ Kd7 46. Qxf7+ Kc8 47. Qe6+ Kb8 48. Kg1 Qd1+ 49. Kh2 Qe2 50. Qe8+ Kb7 51. Qc6+ Kb8 52. Qf3 Qxf3 53. gxf3 Kc7 54.
h4 Kd7 55. h5 Ke8 56. h6 Kf7 57. Kg3 Kg6 58. e4 Bf8 59. f4 Bxh6 60. Nxh6 Kxh6 61. f5 Kg5 62. f4+ Kh6 63. e5 Kg7 64. Kf3 Kf7 65.
Ke4 Ke7 66. Kd5 Kd7 67. exf6 Ke8 68. Ke6 1-0

[Event "Early-Titled-Tuesday-Blitz-January-16-2024"]
[Site "Chess.com"]
[Date "2024.01.16"]
[Round "6"]
[White "Zampronha1971"]
[Black "koncheto"]
[Result "0-1"]
[WhiteElo "2355"]
[BlackElo "2591"]
[TimeControl "180+1"]
[EndTime "9:12:04 PST"]
[Termination "koncheto won on time"]

1. e4 e5 2. Nf3 Nf6 3. d4 Nxe4 4. Nxe5 d5 5. Bd3 Bd6 6. O-O O-O 7. c4 c6 8. Nc3 Nxc3 9. bxc3 Nd7 10. Nxd7 Bxd7 11. cxd5 cxd5 12. Qh5 g6 13. Qxd5 Bc6 14. Qg5 Be7 15. Qg3 Re8 16. Bd2 h6 17. Bxh6 Kh7 18. Bd2 Rh8 19. Rfe1 Kg7 20. Bf4 Rh5 21. Be5+ Bf6 22.
Bxf6+ Qxf6 23. Be4 Rah8 24. h3 Rg5 25. Qd3 Bxe4 26.
Rxe4 Qf5 27. Re3 Qd5 28. Rg3 Rf5 29. c4 Qd7 30. Rd1 Rh4 31. d5 Rff4 32. c5 Qa4 33.
Qc3+ Kh7 34. Re1 Re4 35. Rxe4 Rxe4 36. Qf3 f5 37. Kh2 Qxa2 38. d6 Qd5 39. Qd3 Rd4 40. Qe3 Re4 41. Qg5 Qe6 42. h4 b6 43. h5 gxh5 44.
Rh3 h4 45. Rxh4+ Rxh4+ 46. Qxh4+ Kg6 47. Qg3+ Kf7 48. c6 Qh6+ 49. Qh3 Qf4+ 50. Kg1 Qc1+ 51. Kh2 Qf4+ 52. Qg3 Qh6+ 53. Kg1 Qc1+ 54. Kh2 Qxc6 55. Qe5 Qd7 56. Kg3 a5 57. Kf4 a4 58. Kg5 Qe6 59.
Qh8 Qg6+ 60. Kf4 Qxd6+ 61. Kxf5 Qd3+ 62. Kf4 Qd6+ 63. Kf5 Qg6+ 64. Kf4 Qf6+ 65. Qxf6+ Kxf6 66. Ke3 a3 67. Kd2 a2 68. Kc2 a1=Q 0-1

[Event "Early-Titled-Tuesday-Blitz-January-16-2024"]
[Site "Chess.com"]
[Date "2024.01.16"]
[Round "6"]
[White "publicaccountcze"]
[Black "ChampStan"]
[Result "1/2-1/2"]
[WhiteElo "2326"]
[BlackElo "2124"]
[TimeControl "180+1"]
[EndTime "9:12:08 PST"]
[Termination "Game drawn - insufficient material"]

1. e4 e5 2. Nf3 Nc6 3. Bb5 Nf6 4.
O-O Nxe4 5. Re1 Nd6 6. Nxe5 Nxe5 7. Rxe5+ Be7 8. Ba4 O-O 9. d4 Bf6 10. Re1 Nf5 11. c3 d6 12. Bc2 c5 13. Qf3 Nh4 14. Qh5 Ng6 15. d5 Re8 16. Rxe8+ Qxe8 17. Be3 Bd7 18. Nd2 Qe5 19. Bxg6 fxg6 20. Qxe5 Bxe5 21.
Nc4 b6 22. f4 Bf6 23. Nxd6 Rd8 24. Ne4 Bf5 25. Nxf6+ gxf6 26. c4 Re8 27. Kf2 Re4 28.
b3 Kf7 29. Kf3 Re8 30. g4 Be4+ 31. Kf2 Ke7 32. Re1 Kd6 33. Bd2 Re7 34. h4 Bd3 35. Rxe7 Kxe7 36. Ke3 Bb1 37. a3 Ba2 38. b4 Bxc4 39.
bxc5 bxc5 40. Ke4 Kd6 41. f5 Bxd5+ 42. Kf4 Bf7 43. Bc3 Ke7 44. g5 fxg5+ 45. hxg5 gxf5 46. Kxf5 Bg6+ 47. Ke5 Bf7 48. Kf5 Kd6 49. Kf6 Bg6 50. Be5+ Kd5 51. Bb8 a6 52. Ke7 Kc4 53. Bd6 Kd4 54. Ke6 c4 55. Be5+ Kd3 56. Kd5 c3 57. Bf4 c2 58. Kc6 Ke2 59. Kb6 Bd3 60. Kc5 Kd1 61.
Kd4 Bg6 62. Kc3 c1=Q+ 63. Bxc1 Kxc1 64. Kb4 Kd1 65. Ka5 Bd3 66. g6 Ke2 67. gxh7 Bxh7 68. Kxa6 Kd3 69. Kb6 Kc4 70. a4 Kb4 71. a5 Bd3 72. a6 Bxa6 1/2-1/2

[Event "Early-Titled-Tuesday-Blitz-January-16-2024"]
[Site "Chess.com"]
[Date "2024.01.16"]
[Round "6"]
[White "Yurasova_Daria"]
[Black "JMCadavid1998"]
[Result "0-1"]
[WhiteElo "2445"]
[BlackElo "2219"]
[TimeControl "180+1"]
[EndTime "9:12:09 PST"]
[Termination "JMCadavid1998 won by checkmate"]

1. d4 Nf6 2. Bg5 d5 3. Bxf6 gxf6 4. e3 c5 5. dxc5 Nc6 6. Nf3 e6 7. Be2 Rg8 8. O-O Bxc5 9. c4 d4 10. b4 Bxb4 11. exd4 Kf8 12. a4 b6 13. d5 Ne5 14.
Na3 exd5 15. cxd5 Bh3 16. Nh4 f5 17. Qd4 Bc5 18. Qf4 Bg4 19. Qh6+ Rg7 20. Bxg4 Nxg4 21. Qh5 Qf6 22. Nc2 Qg5 23. Qxg5 Rxg5 24. Nf3 Rg6 25. h3 Nf6 26. Rad1 Ne4 27. Ncd4 Rf6 28. Kh2 Rd8 29. Nc6 Rd7 30. Nce5 Rdd6 31. Kg1 Nc3 32. Rd3 Nxd5 33. Nc4 Nf4 34. Rxd6 Bxd6 35. g3 Ne2+ 36. Kg2 Bc5 37. Nfe5 Kg7 38. Re1 Nc3 39. Rc1 Ne4 40. f3 Nd6 41. Ne3 Bxe3 42. Rc7 f4 43. g4 Re6 44. Nd3 Kf6 45. Nb4 Ke5 46. Rc6 Kd4 47.
Nc2+ Kd3 48. Nb4+ Ke2 49. Nd5 Ne4 50. Rc2+ Nd2 51. Nb4 Rd6 52. Na2 Rd4 53. Rb2 Rxa4 54. Nc3+ Kd3 55. Nxa4 a5 56. Rb5 Nc4 57. Rf5 Kc2 58.
Rxf7 Kb3 59. Rc7 b5 60. Nc5+ Bxc5 61. Rxc5 b4 62. g5 a4 63. h4 a3 64. Rc8 a2 65.
Ra8 Na3 66. Re8 a1=Q 67. Re2 Qc3 68. Rf2 Nc2 69. h5 Ne3+ 70. Kh3 Qe5 71. Rg2 Qf5+ 72. Kh4 Nxg2# 0-1

[Event "Early-Titled-Tuesday-Blitz-January-16-2024"]
[Site "Chess.com"]
[Date "2024.01.16"]
[Round "6"]
[White "sokidze"]
[Black "rasmussvane"]
[Result "1-0"]
[WhiteElo "2810"]
[BlackElo "2999"]
[TimeControl "180+1"]
[EndTime "9:12:10 PST"]
[Termination "sokidze won by resignation"]

1. d4 d5 2. c4 e6 3. Nf3 Nf6 4. g3 h6 5. Bg2 Bd6 6. O-O O-O 7.
Nc3 Nc6 8. b3 dxc4 9. bxc4 e5 10. c5 exd4 11. Nxd4 Be5 12. Nxc6 bxc6 13. Qc2 Qd4 14.
Bb2 Qxc5 15. Rac1 Be6 16. Qa4 Qb6 17. Ba1 Rad8 18. Qxc6 Qxc6 19. Bxc6 Rd2 20. Ne4 Nxe4 21. Bxe5 Rxe2 22. Bxc7 Bxa2 23. Rfe1 Rxe1+ 24. Rxe1 Nf6 25. Ra1 Rc8 26. Be5 Rxc6 27. Rxa2 a6 28. Bxf6 Rxf6 29. Kg2 g5 30. h4 gxh4 31. gxh4 Kg7 32. Kg3 Kg6 33.
Ra5 Rc6 34. h5+ Kf6 35. Kg4 Rc4+ 36. f4 Rc6 37. Rf5+ Ke6 38. Ra5 Rb6 39. Ra4 Ke7 40. Ra3 Kf6 41. Ra5 Ke7 42. Ra3 Rc6 43. Ra4 Re6 44. Ra5 Kd7 45. Kf5 Kc7 46. Ra3 Kb6 47.
Rg3 a5 48. Rg8 Re7 49. Rh8 Re6 50. Rf8 Re7 51. Rh8 a4 52. Rxh6+ Kb5 53. Rh8 a3 54.
Ra8 Re3 55. h6 Rh3 56. h7 Rxh7 57. Rxa3 Kc6 58. Rd3 Rh4 59. Kg5 Rh7 60. Kf6 Kc7 61.
f5 Kc8 62. Rd4 Kc7 63. Rd3 Kc8 64. Rd2 Kc7 65. Ke7 Kc8 66. Rc2+ Kb7 67. f6 Kb6 68. Kf8 Kb7 69. Kg8 Rh5 70. Kxf7 Rc5 71. Rxc5 1-0

[Event "Early-Titled-Tuesday-Blitz-January-16-2024"]
[Site "Chess.com"]
[Date "2024.01.16"]
[Round "6"]
[White "sansanathalia"]
[Black "KononenkoD"]
[Result "0-1"]
[WhiteElo "2392"]
[BlackElo "2543"]
[TimeControl "180+1"]
[EndTime "9:12:10 PST"]
[Termination "KononenkoD won by resignation"]

1. e4 d5 2. exd5 Qxd5 3. Nc3 Qa5 4. Bc4 Nf6 5. Nge2 c5 6. O-O Nc6 7. d3 Bg4 8. f3 Bh5 9. Ng3 Bg6 10. f4 e6 11. Bd2 Qc7 12. f5 exf5 13. Nxf5 Bxf5 14. Rxf5 O-O-O 15. Rf1 Nd4 16. Bf4 Bd6 17. Bxd6 Rxd6 18.
Qe1 Rd7 19. Rc1 Re8 20. Qh4 Rde7 21. Kh1 Kb8 22. h3 h5 23. Rxf6 gxf6 24. Nd5 Qd6 25. Nxe7 Rxe7 26. Re1 Nf5 27. Qf2 Ng3+ 28. Kg1 Rxe1+ 29.
Qxe1 a6 30. Qf2 h4 31. Bxf7 Qe5 32. Bc4 Qxb2 33. Qe1 Qd4+ 34. Kh2 Qf4 35. Kg1 Ka7 36. Bb3 Nf5 37. Qf2 Qe5 38. c3 Ng3 39. Bc4 b6 40. d4 Qe4 41. Bf1 cxd4 42. cxd4 f5 43. d5 Qxd5 44.
Qe3 Qc5 45. Qxc5 bxc5 46. Bc4 Kb6 47. Kf2 a5 48. Ke3 Kc6 49. Kf4 Kd6 50. Kg5 Ke5 51.
Kxh4 Ne4 52. g4 f4 53. g5 f3 54. g6 Kf6 55. Kg4 f2 56. Kf3 Nd2+ 57. Kxf2 Nxc4 58.
Ke2 Kxg6 59. Kd3 Nb6 60. Ke4 c4 61. Kd4 Kh5 62. a4 Kh4 63. Kc5 c3 64. Kxb6 c2 65. Kxa5 c1=Q 66. Kb6 Qc8 67. a5 Qa8 68. a6 Kxh3 69.
a7 Kg4 70. Ka6 Kf5 71. Kb6 Ke6 72. Ka6 Kd7 73. Kb6 Kc8 74. Ka6 Qb7+ 75. Ka5 Qxa7+ 0-1